 Dungeon Crawl Stone Soup version 0.30.0-19-g36f170ea60 (webtiles) character file.

Game seed: 17446689087671705548

77 Bnni the Digger (level 4, -2/32 HPs)
             Began as a Formicid Earth Elementalist on June 1, 2023.
             Slain by an orc
             ... wielding a +0 club
              (4 damage)
             ... on level 3 of the Dungeon.
             The game lasted 00:02:18 (1842 turns).

Bnni the Digger (Formicid Earth Elementalist)       Turns: 1842, Time: 00:02:18

Health: -2/32      AC:  3    Str: 13    XL:     4   Next: 60%
Magic:  1/8        EV: 11    Int: 16    God:
Gold:   75         SH:  0    Dex: 14    Spells: 5/8 levels left

rFire   . . .        e - +0 quarterstaff
rCold   . . .        (no shield)
rNeg    . . .        j - +0 leather armour
rPois   .            (helmet unavailable)
rElec   .            (no cloak)
rCorr   .            (no gloves)
SInv    +            (no boots)
Will    .....        (no amulet)
Stlth   ++           (no ring)
HPRegen 0.25/turn    (no ring)
MPRegen 0.11/turn

%: no passive effects
@: lethally poisoned (-2 -> -7)
A: permanent stasis, dig shafts and tunnels, antennae 3, four strong arms
a: Dig, Shaft Self


You were on level 3 of the Dungeon.
You visited 1 branch of the dungeon, and saw 3 of its levels.

You collected 75 gold pieces.

Inventory:

Hand Weapons
 e - a +0 quarterstaff (weapon)
Missiles
 k - a curare-tipped dart
Armour
 j - a +0 leather armour (worn)
Scrolls
 a - 2 scrolls of blinking {unknown}
 c - 3 scrolls of enchant armour {unknown}
 l - a scroll of teleportation {unknown}
 m - a scroll of immolation {unknown}
Potions
 b - a potion of magic
 d - a potion of lignification {unknown}
 f - 2 potions of haste {unknown}
 g - 2 potions of curing {unknown}
 h - 2 potions of heal wounds {unknown}
 i - a potion of attraction {unknown}


   Skills:
 + Level 1.5 Fighting
 - Level 1.7 Dodging
 - Level 2.4 Stealth
 + Level 2.8 Spellcasting
 + Level 2.1 Transmutations
 * Level 4.7 Earth Magic


You had 5 spell levels left.
You knew the following spells:

 Your Spells              Type           Power      Damage    Failure   Level
a - Sandblast             Erth           34%        2d9       3%          1
b - Passwall              Tmut/Erth      10%        N/A       9%          2

Your spell library contained the following spells:

 Spells                   Type           Power      Damage    Failure   Level
 Necrotise                Necr           8%         1d4       24%         1
 Stone Arrow              Conj/Erth      18%        3d8       26%         3
 Cigotuvi's Dreadful Rot  Necr/Pois/Air  4%         N/A       36%         2
 Petrify                  Tmut/Erth      13%        N/A       50%         4
 Inner Flame              Hex/Fire       2%         N/A       58%         3
 Vampiric Draining        Necr           2%         2d6       58%         3
 Dispel Undead            Necr           2%         3d7       94%         4
 Yara's Violent Unravell  Hex/Tmut       2%         3d3       99%         5
 Agony                    Necr           2%         N/A       100%        5
 Death Channel            Necr           1%         N/A       100%        6
 Enfeeble                 Hex            1%         N/A       100%        7


Dungeon Overview and Level Annotations

Branches:
Dungeon (3/15)

Altars:

Shops:
D:1 :


Innate Abilities, Weirdness & Mutations

You cannot be hasted, slowed, berserked, paralysed or teleported.
You can dig through walls and to a lower floor.
You have a pair of large antennae on your head. (SInv)
Your four strong arms can wield two-handed weapons with a shield.


Message History

The orc hits you but does no damage. The orc closely misses you.
The orc priest calls down the wrath of Beogh upon you.
Pain shoots through your body!
* * * LOW HITPOINT WARNING * * *
The orc barely misses you.
Aiming: Sandblast (safe; 3% risk of failure)
Press: ? - help, Q - select action, (/) - cycle Shift-Dir - straight line, f/p - orc priest
Aim: an orc priest, wielding a +0 hand axe (severely wounded, 82% to hit)
The blast of sand hits the orc priest!
You kill the orc priest!
The orc barely misses you.
The orc hits you with a +0 dagger of venom.
* * * LOW HITPOINT WARNING * * *
Your Transmutations skill increases to level 2!
Throw: 3 darts (curare)
Press: ? - help, Shift-Dir - straight line, f - orc
Aim: an orc, wielding a +0 dagger of venom and wearing a +0 leather armour (57% to hit)
You throw a curare-tipped dart.
The curare-tipped dart barely misses the orc.
The orc barely misses you. x2
Throw: 2 darts (curare)
Press: ? - help, Shift-Dir - straight line, f/p - orc
Aim: an orc, wielding a +0 dagger of venom and wearing a +0 leather armour (57% to hit)
You throw a curare-tipped dart. The curare-tipped dart hits the orc.
The orc is poisoned.
The orc convulses.
The orc seems to slow down.
The orc is heavily wounded.
The orc completely misses you.
The orc hits you with a +0 dagger of venom.
* * * LOW HITPOINT WARNING * * *
You are lethally poisoned!
Aiming: Sandblast (safe; 3% risk of failure)
Press: ? - help, Q - select action, (/) - cycle Shift-Dir - straight line, f/p - orc
Aim: an orc, wielding a +0 dagger of venom and wearing a +0 leather armour (heavily wounded, very poisoned, slow, 82% to hit)
The blast of sand hits the orc.
The orc is heavily wounded.
* * * LOW HITPOINT WARNING * * *
You feel very sick. The orc hits you with a +0 club.
You die...

#........♣.♣...... #
##.#...#.....#. #.
#...♣....#....♣
#.####.#...#.....#...#
#.....[......♣.♣......
##+#...###.♣.♣.......♣. .
.........##.....#...#.....
.......#.....#....♣....# .
.......###@)....#...#...
#...#+# #oo♣.♣... #...
#)..... ♣ #.. #.#...#. #.
#(..♣... ##..^.#.. . #.. ♣
.# #..


You could see 2 orcs.

Vanquished Creatures
  An orc priest (D:3)
  2 worms
  2 dart slugs
  An orc (D:3)
  A bat (D:2)
  3 endoplasms
  4 giant cockroaches
  A hobgoblin (D:3)
  3 jackals (D:1)
  3 quokkas
  6 ball pythons
  5 frilled lizards
  3 kobolds
  4 rats
39 creatures vanquished.

Notes
Turn   | Place    | Note
-------+----------+-------------------------------------------
     0 | D:1      | Bnni the Formicid Earth Elementalist began the quest for
                  | the Orb.
     0 | D:1      | Reached XP level 1. HP: 13/13 MP: 3/3
   146 | D:1      | Reached XP level 2. HP: 20/20 MP: 1/5
   210 | D:1      | Reached skill level 4 in Earth Magic
   344 | D:1      | Found Canethir's Book Boutique.
   566 | D:1      | Learned a level 2 spell: Passwall
   632 | D:1      | Reached XP level 3. HP: 25/25 MP: 6/6
   646 | D:1      | Reached skill level 1 in Fighting
  1835 | D:3      | Reached XP level 4. HP: 18/32 MP: 6/8
  1842 | D:3      | Slain by an orc

Illustrated notes

Levels and vault maps discovered:
D:1:      dpeg_arrival_another_circle, layout_basic, serial_shops, shop
D:2:      layout_loops_corners, st_stairs_1, grunt_decor_mini_mirrors
D:3:      layout_basic, lightli_temple_of_fire, gup_sewer_entry_bubbles,
          st_stairs_10, nicolae_kite_square_tiling_tiny,
          minmay_stone_trees_small

Skill      XL: |  1  2  3  4 |
---------------+-------------+-----
Earth Magic    | 4 |  4.7
Fighting       | 1 |  1.5
Transmutations | 2 |  2.1
Dodging        | |  1.7
Stealth        | |  2.4
Spellcasting   | |  2.8

Action                     |  1- 3 |  4- 6 || total
---------------------------+-------+-------++-------
  Melee: Unarmed           |     1 |       ||     1
         Quarterstaff      |    23 |       ||    23
         Short sword       |     3 |       ||     3
  Throw: Dart              |       |     2 ||     2
   Cast: Sandblast         |    41 |     6 ||    47
   Stab: Sleeping          |     1 |       ||     1
 Armour: Robe              |    13 |       ||    13
         Leather armour    |     5 |     1 ||     6
  Dodge: Dodged            |    37 |     7 ||    44
